 Dungeon Crawl Stone Soup version 0.27-a0-1177-g245c70e1c0 (webtiles) character file.

Game seed: 11640504642062471311

1229 Gorglomux the Fighter (level 8, 0/98 HPs)
             Began as an Ogre Hunter on May 16, 2021.
             Slain by an orc
             ... wielding a +0 short sword
              (2 damage)
             ... on level 7 of the Dungeon.
             The game lasted 00:11:55 (6382 turns).

Gorglomux the Fighter (Ogre Hunter)                 Turns: 6382, Time: 00:11:55

Health: 0/98       AC:  3    Str: 25    XL:     8   Next: 48%
Magic:  8/8        EV: 10    Int: 12    God:
Gold:   192        SH:  5    Dex:  9    Spells: 7/7 levels left

rFire    . . .     SeeInvis .   f - +2 dagger (freeze)
rCold    . . .     Faith    .   (no shield)
rNeg     . . .     Spirit   .   b - +0 robe
rPois    .         Reflect  +   (helmet restricted)
rElec    .         Harm     .   (no cloak)
rCorr    .         Rampage  .   (gloves unavailable)
Will     .....                  (boots unavailable)
Stlth    +.........             r - amulet of reflection
HPRegen  0.26/turn              h - +6 ring of strength
MPRegen  0.11/turn              (no ring)

@: mighty, attractive
A: large, unfitting armour, tough skin 1
a: no special abilities


You were on level 7 of the Dungeon.
You visited 1 branch of the dungeon, and saw 6 of its levels.
You also visited: Sewer.

You collected 192 gold pieces.

Inventory:

Hand Weapons
 f - a +2 dagger of freezing (weapon)
Missiles
 c - 53 poisoned darts (quivered)
 w - 6 large rocks
 Z - 2 throwing nets
Armour
 b - a +0 robe (worn)
Magical Staves
 s - a staff of conjuration {!a}
Jewellery
 h - a +6 ring of strength (left hand)
 r - an amulet of reflection (around neck)
Scrolls
 a - 5 scrolls of identify {unknown}
 i - 3 scrolls of amnesia {unknown}
 m - a scroll of noise {unknown}
 p - a scroll of fear {unknown}
 q - a scroll of enchant weapon {unknown}
 x - a scroll of magic mapping {unknown}
 T - 3 scrolls of teleportation
Potions
 g - a potion of lignification {unknown}
 k - 2 potions of brilliance
 l - 3 potions of flight
 n - a potion of curing
 o - a potion of haste {unknown}
 u - a potion of magic {unknown}
Miscellaneous
 X - a box of beasts (inert)


   Skills:
 - Level 11.7 Fighting
 + Level 4.9 Throwing
 + Level 3.1 Dodging
 - Level 0.6 Stealth


You had 7 spell levels left.
You didn't know any spells.
Your spell library contained the following spells:

 Spells                   Type           Power      Damage    Failure   Level
 Freeze                   Ice            0%         1d3       32%         1
 Sublimation of Blood     Necr           0%         N/A       45%         2
 Frozen Ramparts          Ice            0%         1d2       69%         3
 Ignite Poison            Fire/Tmut/Pois 0%         N/A       69%         3
 Ozocubu's Armour         Ice            0%         N/A       69%         3
 Hailstorm                Conj/Ice       0%         3d3       97%         4
 Petrify                  Tmut/Erth      0%         N/A       97%         4
 Alistair's Intoxication  Tmut/Pois      0%         N/A       100%        5
 Irradiate                Conj/Tmut      0%         3d13      100%        5
 Metabolic Englaciation   Hex/Ice        0%         N/A       100%        5
 Eringya's Noxious Bog    Tmut/Pois      0%         N/A       100%        6


Dungeon Overview and Level Annotations

Branches:
Dungeon (5/15)              Sewer (visited)
 Temple: D:4-7

Altars:
Elyvilon
Kikubaaqudgha
Zin

Shops:
D:3 (

Annotations:
D:4 2 runed translucent doors


Innate Abilities, Weirdness & Mutations

You are too large for most types of armour.
You have tough skin. (AC +1)


Message History

You feel much better.
The orc warrior hits you with a +2 vorpal glaive!
The orc hits you with a +0 short sword.
Throw: 53 darts (poison)
Press: ? - help, Q - select action Shift-Dir - straight line, f - orc
Aim: an orc, wielding a +0 short sword (63% to hit)
Okay, then.
Throw: 7 large rocks
Press: ? - help, Shift-Dir - straight line, f - orc warrior
Aim: an orc warrior, wielding a +2 vorpal glaive and wearing a +3 chain mail (60% to hit)
You throw a large rock.
The large rock closely misses the orc warrior.
The large rock barely misses the orc.
The large rock hits the orc!!
You kill the orc!
The orc warrior hits you with a +2 vorpal glaive!!
The orc hits you with a +0 short sword.
The orc warrior hits you with a +2 vorpal glaive!!
* * * LOW HITPOINT WARNING * * *
x2 You feel much better.
The orc closely misses you.
The orc warrior hits you with a +2 vorpal glaive.
* * * LOW HITPOINT WARNING * * *
x2 You feel much better.
The orc closely misses you. The orc warrior misses you.
You closely miss the orc warrior. The orc hits you but does no damage.
The orc warrior barely misses you.
You puncture the orc warrior! You freeze the orc warrior.
The orc warrior is moderately wounded.
The orc hits you with a +0 short sword.
The orc warrior hits you with a +2 vorpal glaive!
You closely miss the orc warrior.
The orc warrior is moderately wounded.
The orc hits you with a +0 short sword.
The orc warrior hits you with a +2 vorpal glaive!
* * * LOW HITPOINT WARNING * * *
x2 An orc comes into view. It is wielding a +0 trident.
The orc is pulled toward you!
The orc shouts!
You hit the orc warrior. You freeze the orc warrior.
The orc warrior is heavily wounded.
The orc barely misses you. The orc warrior barely misses you.
The orc closely misses you.
You hit the orc warrior. You freeze the orc warrior.
The orc warrior is heavily wounded.
You block the orc's attack.
The orc warrior hits you with a +2 vorpal glaive!
* * * LOW HITPOINT WARNING * * *
x2 The orc barely misses you.
You puncture the orc warrior! You freeze the orc warrior.
The orc warrior is almost dead.
The orc hits you with a +0 short sword.
You die...

#. #.....#
###.#.###.....### ...
...........#
#.#####.....#.##
#.g......o..>.(######
#..###########.......#
#.# ##o####.# #. #o# #
#@# #o# #o# #o# #.#
#.# ... .(. .##


You could see an orc warrior and 4 orcs.

Vanquished Creatures
  A wraith (D:4)
  An orc warrior (D:4)
  2 ogres (D:4)
  A necrophage (D:5)
  A phantom (D:5)
  2 kobold brigands
  A bullfrog (D:4)
  3 orc priests
  3 hounds (D:5)
  A centaur skeleton (D:4)
  Jessica (D:2)
  2 iguanas
  A howler monkey skeleton (D:5)
  4 adders
  2 river rats (Sewer)
  A white imp (D:5)
  An adder skeleton (D:5)
  3 worms
  2 dart slugs
  8 orcs
  8 ball pythons
  9 endoplasms
  A giant cockroach (D:4)
  8 goblins
  4 hobgoblins
  13 jackals
  11 kobolds
  2 quokkas
  3 bats
  4 rats
104 creatures vanquished.

Notes
Turn   | Place    | Note
-------+----------+-------------------------------------------
     0 | D:1      | Gorglomux the Ogre Hunter began the quest for the Orb.
     0 | D:1      | Reached XP level 1. HP: 22/22 MP: 1/1
   176 | D:1      | Reached skill level 3 in Fighting
   313 | D:1      | Reached XP level 2. HP: 31/31 MP: 2/2
   545 | D:1      | Reached skill level 4 in Fighting
   650 | D:1      | HP: 1/32 [jackal (3)]
  1155 | D:1      | Reached XP level 3. HP: 29/40 MP: 3/3
  1853 | D:2      | Reached skill level 5 in Fighting
  1931 | D:2      | Noticed Jessica
  1951 | D:2      | Killed Jessica
  1952 | D:2      | Reached XP level 4. HP: 46/52 MP: 4/4
  2066 | D:2      | Reached skill level 6 in Fighting
  2406 | D:3      | Reached XP level 5. HP: 60/61 MP: 5/5
  2478 | D:3      | Found Owepn's Antique Weapon Shop.
  2592 | D:3      | Found a glowing silver altar of Zin.
  2963 | D:4      | Found a glowing drain.
  3005 | Sewer    | Entered a sewer
  3008 | Sewer    | Reached skill level 7 in Fighting
  3140 | Sewer    | Noticed a kobold brigand
  3170 | Sewer    | Killed a kobold brigand
  3171 | Sewer    | Reached skill level 8 in Fighting
  3171 | Sewer    | Reached XP level 6. HP: 32/72 MP: 6/6
  3379 | Sewer    | Found a glowing silver altar of Zin.
  3704 | D:4      | Reached skill level 9 in Fighting
  3729 | D:4      | Found a large runed translucent door.
  3730 | D:4      | Found a large runed translucent door.
  3730 | D:4      | Noticed an orc warrior
  3736 | D:4      | Found a large runed translucent door.
  3736 | D:4      | Found a large runed translucent door.
  3935 | D:4      | Reached XP level 7. HP: 78/83 MP: 7/7
  3970 | D:4      | Noticed a wraith
  3985 | D:4      | Killed a wraith
  3986 | D:4      | Reached skill level 10 in Fighting
  4343 | D:4      | Found a white marble altar of Elyvilon.
  4864 | D:4      | Reached skill level 11 in Fighting
  5273 | D:4      | Reached XP level 8. HP: 37/98 MP: 8/8
  5589 | D:5      | Entered Level 5 of the Dungeon
  6292 | D:5      | Found an ancient bone altar of Kikubaaqudgha.
  6302 | D:5      | Reached skill level 3 in Dodging
  6339 | D:5      | You fall into a shaft and drop 2 floors!
  6374 | D:7      | HP: 1/98 [orc warrior/+2 vorpal glaive (7)]
  6381 | D:7      | HP: 2/98 [orc warrior/+2 vorpal glaive (3)]
  6382 | D:7      | Slain by an orc

Illustrated notes

Levels and vault maps discovered:
D:1:      lightli_arrival_boilingwater, layout_basic
D:2:      layout_rooms, uniq_jessica
D:3:      layout_basic, nicolae_overflow_hidden_temple, serial_shops, shop,
          ebering_dispersal_statue_hall, minmay_misc_feat_iff
D:4:      layout_cave_pods, elyvilon_altar_5, cheibrodos_sewer_entry_drain,
          minmay_hollow_rounded_squares
D:5:      layout_basic, nicolae_kikubaaqudgha_miasma_corner, minmay_statues_item
D:7:      layout_loops_ring, minmay_temple_entry_trees

Skill      XL: |  1  2  3  4  5  6  7  8 |
---------------+-------------------------+-----
Fighting       | 3 4 5 6 8 9 11 | 11.7
Dodging        | 3 |  3.1
Throwing       | |  4.9
Stealth        | |  0.6

Action                   |  1- 3 |  4- 6 |  7- 9 || total
-------------------------+-------+-------+-------++-------
Melee: Short sword       |    42 |       |       ||    42
       Dagger            |    44 |    90 |    73 ||   207
Throw: Dart              |    23 |    23 |    26 ||    72
       Large rock        |     6 |     3 |     7 ||    16
       Javelin           |       |    19 |     7 ||    26
       Throwing net      |       |       |     4 ||     4
       Boomerang         |       |       |    32 ||    32
Evoke: Box of beasts     |       |       |     1 ||     1
  Use: Scroll            |       |     1 |       ||     1
       Potion            |       |       |     9 ||     9
 Stab: Sleeping          |       |       |     1 ||     1
Armor: Robe              |    36 |    22 |    24 ||    82
Dodge: Dodged            |    61 |    47 |    56 ||   164
Block: Other             |       |       |    11 ||    11

Table legend: (Time is in decaauts)
 A = Elapsed time spent in this place.
 B = Non-inter-level travel time spent in this place.
 C = Inter-level travel time spent in this place.
 D = Time resting spent in this place.
 E = Time spent auto-exploring this place.
 F = Levels seen in this place.
 G = Mean time per level.
                   A        B        C        D        E       F      G
               +--------+--------+--------+--------+--------+-----+--------+
         Total |   6469 |   6232 |    237 |    580 |   4663 |   7 |  924.1 |
       Dungeon |   5982 |   5745 |    237 |    580 |   4252 |   6 |  997.0 |
         Sewer |    487 |    487 |      0 |      0 |    411 |   1 |  487.0 |
               +--------+--------+--------+--------+--------+-----+--------+

Top non-repeatable levels by time:
     D:4: 2336 daAuts
     D:1: 1850 daAuts
     D:5: 636 daAuts
     D:3: 625 daAuts
     D:2: 488 daAuts
   Sewer: 487 daAuts
     D:7: 45 daAuts
